 Dungeon Crawl Stone Soup version 0.30.0-29-ga12c61a403 (webtiles) character file.

Game seed: 17970421006447031638

343 csrayne the Basher (level 6, -1/57 HPs)
             Began as a Gnoll Wanderer on June 7, 2023.
             Slain by a mummy (13 damage)
             ... in an ossuary.
             The game lasted 00:12:49 (2094 turns).

csrayne the Basher (Gnoll Wanderer)                 Turns: 2094, Time: 00:12:50

Health: -1/57      AC:  9    Str: 14    XL:     6   Next: 57%
Magic:  9/9        EV:  7    Int: 12    God:
Gold:   202        SH:  0    Dex: 10    Spells: 9/9 levels left

rFire   . . .        w - +4 dagger (venom)
rCold   . . .        (no shield)
rNeg    . . .        q - +0 chain mail
rPois   .            r - +0 helmet
rElec   .            (no cloak)
rCorr   .            (no gloves)
SInv    .            (no boots)
Will    .....        (no amulet) Stlth
                     (no ring)
HPRegen 0.29/turn    (no ring)
MPRegen 0.11/turn

%: no passive effects
@: no status effects
A: fangs 1, strong nose, distributed training
a: no special abilities


You were in an ossuary.
You visited 1 branch of the dungeon, and saw 4 of its levels.
You also visited: Ossuary.

You collected 202 gold pieces.

Inventory:

Hand Weapons
 a - a +3 mace
 w - a +4 dagger of venom (weapon)
Missiles
 e - 55 stones (quivered)
 j - 6 poisoned darts
Armour
 d - a +0 leather armour
 q - a +0 chain mail (worn)
 r - a +0 helmet (worn)
Wands
 l - a wand of polymorph (12)
 y - a wand of charming (2)
Scrolls
 h - 2 scrolls of torment {unknown}
 k - 7 scrolls of identify {unknown}
 n - a scroll of amnesia {unknown}
 u - a scroll of enchant armour {unknown}
 v - a scroll of teleportation {unknown}
 x - a scroll of blinking {unknown}
Potions
 b - 2 potions of curing
 c - a potion of attraction
 f - 3 potions of flight {unknown}
 g - a potion of ambrosia {unknown}
 i - a potion of mutation {unknown}
 m - a potion of lignification {unknown}
 o - a potion of haste {unknown}
 p - 3 potions of brilliance {unknown}
 s - 2 potions of heal wounds {unknown}
 t - a potion of might {unknown}


   Skills:
 + Level 8.8 Fighting
 + Level 2.1 Short Blades
 + Level 2.1 Long Blades
 + Level 2.1 Axes
 + Level 8.8 Maces & Flails
 + Level 2.1 Polearms
 + Level 2.1 Staves
 + Level 2.1 Ranged Weapons
 + Level 2.1 Throwing
 + Level 2.1 Armour
 + Level 3.3 Dodging
 + Level 3.2 Stealth
 + Level 2.1 Shields
 + Level 2.1 Unarmed Combat
 + Level 2.1 Spellcasting
 + Level 1.6 Conjurations
 + Level 1.6 Hexes
 + Level 1.6 Summonings
 + Level 1.6 Necromancy
 + Level 1.6 Translocations
 + Level 1.6 Transmutations
 + Level 1.6 Fire Magic
 + Level 1.6 Ice Magic
 + Level 1.6 Air Magic
 + Level 1.6 Earth Magic
 + Level 1.6 Poison Magic
 + Level 2.3 Invocations
 + Level 2.1 Evocations


You had 9 spell levels left.
You didn't know any spells.
Your spell library contained the following spells:

 Spells                   Type           Power      Damage    Failure   Level
 Apportation              Tloc           10%        N/A       93%         1
 Necrotise                Necr           20%        1d5       93%         1
 Summon Small Mammal      Summ           20%        N/A       93%         1


Dungeon Overview and Level Annotations

Branches:
Dungeon (4/15)            Ossuary (1/1)
 Temple: D:4-7

Altars:
Nemelex Xobeh
Yredelemnul


Innate Abilities, Weirdness & Mutations

You have very sharp teeth.
Your uncanny sense of smell can sniff out nearby items.
Your experience applies equally to all skills.


Message History

The centaur zombie is lightly damaged.
The centaur zombie hits you but does no damage.
The centaur zombie kicks you but does no damage.
You hit the centaur zombie.
The centaur zombie is moderately damaged.
The centaur zombie hits you. The centaur zombie barely misses you.
You hit the centaur zombie.
The centaur zombie is moderately damaged.
The centaur zombie hits you but does no damage.
The centaur zombie kicks you but does no damage.
You hit the centaur zombie.
The centaur zombie is heavily damaged.
The centaur zombie hits you. The centaur zombie closely misses you.
You barely miss the mummy. You hit the mummy. You punch the mummy.
You bite the mummy, but do no damage.
The mummy is moderately damaged.
You closely miss the mummy. You bite the mummy, but do no damage.
The mummy is moderately damaged.
The centaur zombie closely misses you.
The centaur zombie kicks you but does no damage.
The mummy hits you! x2
There is an open door here.
You closely miss the mummy. Your bite misses the mummy.
The mummy is moderately damaged.
The centaur zombie hits you but does no damage.
The centaur zombie kicks you but does no damage.
The mummy barely misses you.
You hit the mummy.
The mummy is heavily damaged.
The mummy hits you! The mummy hits you.
You completely miss the mummy.
The mummy is heavily damaged.
The mummy hits you.
You hit the mummy.
The mummy is heavily damaged.
The mummy hits you but does no damage. The mummy barely misses you.
The mummy hits you!
* * * LOW HITPOINT WARNING * * *
The mummy hits you!
You die...

#..............#....###.
####...'..#....######.#.
#.........#....#....#.#.
#....#....#....#....#.'.
#....#.Z..#....#....###.
+... #MMM.#....#....#.#.
### ##M####'###'####.#.
#.M.#...#...#...#.
##+###@###'###'###'###.
........................
........................
########################


You could see 5 mummies and a centaur zombie.

Vanquished Creatures
  A human (D:3)
  A centaur zombie (Ossuary)
  A human zombie (Ossuary)
  Terence (D:3)
  An ogre zombie (Ossuary)
  A mummy (Ossuary)
  3 adders
  An adder zombie (Ossuary)
  A worm (D:3)
  4 orcs
  8 ball pythons
  8 bats
  2 endoplasms (D:1)
  A giant cockroach (D:2)
  4 goblins
  6 hobgoblins
  3 quokkas
  3 frilled lizards
  2 goblin zombies (Ossuary)
  A hobgoblin zombie (Ossuary)
  4 kobolds
  A quokka zombie (Ossuary)
  2 rats (D:1)
  4 rat zombies (Ossuary)
64 creatures vanquished.

Notes
Turn   | Place    | Note
-------+----------+-------------------------------------------
     0 | D:1      | csrayne the Gnoll Wanderer began the quest for the Orb.
     0 | D:1      | csrayne set off with the following items: a +3 mace, a
                  | potion of curing, a potion of attraction, a +0 leather
                  | armour.
     0 | D:1      | Reached XP level 1. HP: 26/26 MP: 1/1
   203 | D:1      | Found a faded altar of an unknown god.
   231 | D:1      | Reached XP level 2. HP: 33/33 MP: 2/2
   606 | D:2      | Reached XP level 3. HP: 25/38 MP: 3/3
   803 | D:2      | Reached skill level 1 in Invocations
   923 | D:2      | You fall into a shaft and drop 1 floor!
   979 | D:3      | Reached skill level 1 in Short Blades
   979 | D:3      | Reached skill level 1 in Long Blades
   979 | D:3      | Reached skill level 1 in Axes
   979 | D:3      | Reached skill level 1 in Polearms
   979 | D:3      | Reached skill level 1 in Staves
   979 | D:3      | Reached skill level 1 in Ranged Weapons
   979 | D:3      | Reached skill level 1 in Throwing
   979 | D:3      | Reached skill level 1 in Armour
   979 | D:3      | Reached skill level 1 in Shields
   979 | D:3      | Reached skill level 1 in Unarmed Combat
   979 | D:3      | Reached skill level 1 in Spellcasting
   979 | D:3      | Reached skill level 1 in Evocations
  1009 | D:3      | Found a runed translucent door.
  1009 | D:3      | Noticed a human
  1012 | D:3      | Found a basalt altar of Yredelemnul.
  1026 | D:3      | Killed a human
  1027 | D:3      | Reached skill level 1 in Conjurations
  1027 | D:3      | Reached skill level 1 in Hexes
  1027 | D:3      | Reached skill level 1 in Summonings
  1027 | D:3      | Reached skill level 1 in Necromancy
  1027 | D:3      | Reached skill level 1 in Translocations
  1027 | D:3      | Reached skill level 1 in Transmutations
  1027 | D:3      | Reached skill level 1 in Fire Magic
  1027 | D:3      | Reached skill level 1 in Ice Magic
  1027 | D:3      | Reached skill level 1 in Air Magic
  1027 | D:3      | Reached skill level 1 in Earth Magic
  1027 | D:3      | Reached skill level 1 in Poison Magic
  1027 | D:3      | Reached XP level 4. HP: 31/45 MP: 4/6
  1027 | D:3      | Reached XP level 5. HP: 35/51 MP: 4/7
  1354 | D:3      | Noticed Terence
  1362 | D:3      | Killed Terence
  1363 | D:3      | Reached XP level 6. HP: 57/57 MP: 8/8
  1620 | D:4      | Found a sparkling altar of Nemelex Xobeh.
  1842 | D:4      | Found a sand-covered staircase.
  1847 | Ossuary  | Entered an ossuary
  2094 | Ossuary  | Slain by a mummy

Illustrated notes

Levels and vault maps discovered:
D:1:      dpeg_arrival_rooms_b, layout_rooms,
          chequers_ecumenical_altar_simple_redux
D:2:      layout_rooms
D:3:      layout_rooms, dk_yredelemnul_ordeal, uniq_terence
D:4:      layout_cave_pods, mainiacjoe_overflow_small_starburst, enter_ossuary_2
Ossuary:  ossuary_boxes_badplayer

Skill      XL: |  1  2  3  4  5  6 |
---------------+-------------------+-----
Invocations    | 1 2 |  2.3
Short Blades   | 1 2 |  2.1
Long Blades    | 1 2 |  2.1
Axes           | 1 2 |  2.1
Polearms       | 1 2 |  2.1
Staves         | 1 2 |  2.1
Ranged Weapons | 1 2 |  2.1
Throwing       | 1 2 |  2.1
Armour         | 1 2 |  2.1
Shields        | 1 2 |  2.1
Unarmed Combat | 1 2 |  2.1
Spellcasting   | 1 2 |  2.1
Evocations     | 1 2 |  2.1
Dodging        | 3 |  3.3
Conjurations   | 1 |  1.6
Hexes          | 1 |  1.6
Summonings     | 1 |  1.6
Necromancy     | 1 |  1.6
Translocations | 1 |  1.6
Transmutations | 1 |  1.6
Fire Magic     | 1 |  1.6
Ice Magic      | 1 |  1.6
Air Magic      | 1 |  1.6
Earth Magic    | 1 |  1.6
Poison Magic   | 1 |  1.6
Stealth        | 3 |  3.2
Fighting       | |  8.8
Maces & Flails | |  8.8

Action                     |  1- 3 |  4- 6 || total
---------------------------+-------+-------++-------
  Melee: Mace              |    77 |    31 ||   108
         Bite              |     7 |    22 ||    29
         Punch             |     1 |     3 ||     4
         Dagger            |       |   100 ||   100
   Stab: Sleeping          |     1 |       ||     1
 Armour: Leather armour    |    12 |       ||    12
         Chain mail        |    10 |    88 ||    98
  Dodge: Dodged            |    45 |    54 ||    99
